 Dungeon Sprint DCSS version 0.27-a0-808-g60bc5d92e6 (webtiles) character file.

Game seed: 8537997877540309147

198 mhtbhm the Fighter (level 6, -3/67 HPs)
             Began as a Kobold Berserker on Mar 28, 2021.
             Was a Priest of Trog.
             Slain by a centaur (4 damage)
             ... in the Dungeon (Sprint IX: "|||||||||||||||||||||||||||||").
             The game lasted 00:00:17 (77 turns).

mhtbhm the Fighter (Kobold Berserker)                 Turns: 77, Time: 00:00:18

Health: -3/67      AC:  2    Str: 16    XL:     6   Next: 6%
Magic:  6/6        EV: 16    Int:  9    God:    Trog [***...]
Gold:   0          SH:  0    Dex: 14    Spells: 5/5 levels left

rFire    . . .     SeeInvis .   a - +0 mace
rCold    . . .     Faith    .   (shield restricted)
rNeg     . . .     Spirit   .   b - +0 animal skin
rPois    .         Reflect  .   (no helmet)
rElec    .         Harm     .   (no cloak)
rCorr    .         Rampage  .   (no gloves)
Will     .....     NoTele   +   (no boots)
Stlth    ..........             (no amulet)
HPRegen  0.21/turn              (no ring)
MPRegen  0.10/turn              (no ring)

@: berserking (expiring), very quick
A: small, no large weapons, nightstalker 3
a: Renounce Religion, Berserk, Trog's Hand


You were in the Dungeon.
You worshipped Trog.
Trog was most pleased with you.
You visited 1 branch

Inventory:

Hand Weapons
 a - a +0 mace (weapon)
Armour
 b - a +0 animal skin (worn)
Scrolls
 h - a scroll of blinking
Potions
 c - a potion of curing
 d - a potion of heal wounds
 e - a potion of haste
 f - 2 potions of magic
 g - a potion of berserk rage


   Skills:
 + Level 8.4 Fighting
 + Level 7.2 Maces & Flails
 + Level 3.1 Armour
 + Level 5.2 Dodging


You had 5 spell levels left.
You didn't know any spells.
Your spell library was empty.

Dungeon Overview and Level Annotations

Branches:
Dungeon (1/1)

Altars:


Innate Abilities, Weirdness & Mutations

You are small and have problems with some larger weapons.
You are completely attuned to the shadows.


Message History

You kill the jelly!
Trog accepts your kill. The white imp gestures at you.
The puff of frost hits you!
* * * LOW HITPOINT WARNING * * *
Your Fighting skill increases to level 8!
Your Maces & Flails skill increases to level 7!
Your Armour skill increases to level 3!
Your Dodging skill increases to level 5!
You have reached level 6!
Your experience leads to an increase in your attributes!
Increase (S)trength, (I)ntelligence, or (D)exterity?
You feel stronger.
Unknown command.
Things that are here:
a +0 shortbow; 16 arrows You closely miss the white imp.
The white imp misses you.
You thump the white imp!
You kill the white imp!
Trog accepts your kill. The centaur misses you. The centaur barely misses you.
You sock the centaur!
The centaur is heavily wounded.
The centaur hits you.
* * * LOW HITPOINT WARNING * * *
The centaur kicks you but does no damage.
You completely miss the centaur.
The centaur is heavily wounded.
The centaur hits you!
* * * LOW HITPOINT WARNING * * *
The centaur kicks you.
* * * LOW HITPOINT WARNING * * *
You sock the centaur!
The centaur is almost dead.
The centaur completely misses you.
The centaur kicks you but does no damage.
You closely miss the centaur.
The centaur is almost dead.
The centaur hits you.
You die...

▓'▓
▓†▓
▓)▓
▓)▓
▓.▓
▓.▓
▓)▓
▓)▓
▓@▓
▓c▓
▓.▓
▓.▓
▓+▓


You could see a centaur.

Vanquished Creatures
  An ogre (D)
  A centaur (D)
  A jelly (D)
  A white imp (D)
  3 goblins (D)
  A ball python (D)
  A kobold (D)
9 creatures vanquished.

Notes
Turn   | Place    | Note
-------+----------+-------------------------------------------
     0 | D        | mhtbhm the Kobold Berserker began the quest for the Orb.
     0 | D        | Reached XP level 1. HP: 14/14 MP: 1/1
    13 | D        | Reached ** piety under Trog
    17 | D        | Reached skill level 4 in Fighting
    59 | D        | Noticed an ogre
    59 | D        | Noticed a centaur
    59 | D        | Noticed a jelly
    63 | D        | Killed an ogre
    64 | D        | Reached skill level 6 in Fighting
    64 | D        | Reached skill level 5 in Maces & Flails
    64 | D        | Reached XP level 2. HP: 16/23 MP: 2/2
    64 | D        | Reached XP level 3. HP: 19/28 MP: 3/3
    64 | D        | Reached XP level 4. HP: 22/32 MP: 4/4
    64 | D        | Noticed a centaur
    66 | D        | Killed a centaur
    66 | D        | Reached *** piety under Trog
    67 | D        | Reached skill level 7 in Fighting
    67 | D        | Reached XP level 5. HP: 26/39 MP: 5/5
    70 | D        | Reached skill level 8 in Fighting
    70 | D        | Reached skill level 5 in Dodging
    70 | D        | Reached XP level 6. HP: 10/45 MP: 6/6
    75 | D        | HP: 2/67 [centaur (7)]
    77 | D        | Slain by a centaur

Illustrated notes

Levels and vault maps discovered:
D:        linesprint [early_d, line_temple, items_1, d_10, items_2, lair_1,
          lair_end, items_3, orc_1, orc_end, items_4, d_15, swamp_1, shoals_1,
          snake_1, spider_1, d_20, vaults_1, items_5, swamp_end, shoals_end,
          snake_end, spider_end, vaults_end, d_27, items_6, zot_1, zot_end,
          crypt_end, forest_end, elf_end, slime_end, tomb_end, abyss_end,
          pan_hell_end]

Skill      XL: |  1  2  3  4  5 |
---------------+----------------+-----
Maces & Flails | 5 6 7 |  7.2
Fighting       | 6 7 8 |  8.4
Armour         | 2 3 |  3.1
Dodging        | 4 5 |  5.2

Action                   |  1- 3 |  4- 6 || total
-------------------------+-------+-------++-------
Melee: Mace              |    12 |    11 ||    23
Invok: Berserk           |     2 |       ||     2
Armor: Animal skin       |     1 |     2 ||     3
Dodge: Dodged            |     6 |     5 ||    11

Table legend: (Time is in decaauts)
 A = Elapsed time spent in this place.
 B = Non-inter-level travel time spent in this place.
 C = Inter-level travel time spent in this place.
 D = Time resting spent in this place.
 E = Time spent auto-exploring this place.
 F = Levels seen in this place.
 G = Mean time per level.
                   A        B        C        D        E       F      G
               +--------+--------+--------+--------+--------+-----+--------+
         Total |     84 |     84 |      0 |     52 |      3 |   1 |   84.0 |
       Dungeon |     84 |     84 |      0 |     52 |      3 |   1 |   84.0 |
               +--------+--------+--------+--------+--------+-----+--------+

Top non-repeatable levels by time:
       D: 84 daAuts
